 Dungeon Crawl Stone Soup version 0.27-a0-1299-g1ab19c6527 (webtiles) character file.

Game seed: 12274143937246015079

3021 kae the Cleaver (level 9, -6/84 HPs)
             Began as a Hill Orc Fighter on June 16, 2021.
             Was an Initiate of Qazlal.
             Mangled by a troll (12 damage)
             ... on level 10 of the Dungeon.
             The game lasted 00:05:24 (9491 turns).

kae the Cleaver (Hill Orc Fighter)                  Turns: 9491, Time: 00:05:25

Health: -6/84      AC:  7    Str: 28    XL:     9   Next: 85%
Magic:  13/13      EV:  7    Int:  8    God:    Qazlal [......]
Gold:   2277       SH:  9    Dex:  6    Spells: 8/8 levels left

rFire    . . .     SeeInvis .   a - +0 war axe (freeze)
rCold    . . .     Faith    .   c - +0 kite shield
rNeg     + + .     Spirit   .   b - +1 scale mail
rPois    +         Reflect  .   (no helmet)
rElec    .         Harm     .   (no cloak)
rCorr    .         Rampage  .   (no gloves)
Will     .....                  (no boots)
Stlth    ..........             (no amulet)
HPRegen  0.24/turn              d - ring of positive energy
MPRegen  0.13/turn              o - ring "Fugum" {rPois rN+ Str+6 Dex-4}

@: no status effects
A: no striking features
a: Renounce Religion


You were on level 10 of the Dungeon.
You worshipped Qazlal.
Qazlal was noncommittal.
You visited 2 branches of the dungeon, and saw 12 of its levels.

You collected 2394 gold pieces.
You spent 117 gold pieces at shops.

Inventory:

Hand Weapons
 a - a +0 war axe of freezing (weapon)
Armour
 b - a +1 scale mail (worn)
 c - a +0 kite shield (worn)
Jewellery
 d - a ring of positive energy (left hand)
 o - the ring "Fugum" (right hand) {rPois rN+ Str+6 Dex-4}
   (You acquired it on level 7 of the Dungeon)

   [ring of poison resistance]

   It affects your strength (+6).
   It affects your dexterity (-4).
   It protects you from poison.
   It protects you from negative energy.
Wands
 m - a wand of iceblast (12)
 q - a wand of acid (7)
 r - a wand of charming (6)
 u - a wand of paralysis (12)
Scrolls
 g - 2 scrolls of amnesia
 j - a scroll of fog
 p - a scroll of enchant armour
Potions
 e - a potion of resistance
 f - a potion of haste
 h - 4 potions of curing
 i - 2 potions of flight
 k - 2 potions of invisibility
 l - a potion of mutation {unknown}
 n - a potion of berserk rage {unknown}
 s - a potion of ambrosia {unknown}
 t - a potion of heal wounds
 v - a potion of degeneration
 w - a potion of attraction


   Skills:
 + Level 9.4 Fighting
 * Level 13.1 Axes
 - Level 3.2 Armour
 - Level 3.2 Shields
 + Level 5.7 Invocations


You had 8 spell levels left.
You didn't know any spells.
Your spell library contained the following spells:

 Spells                   Type           Power      Damage    Failure   Level
 Animate Skeleton         Necr           0%         N/A       99%         1
 Apportation              Tloc           0%         N/A       99%         1
 Corona                   Hex            0%         N/A       99%         1
 Shock                    Conj/Air       0%         1d3       99%         1
 Summon Small Mammal      Summ           0%         N/A       99%         1
 Ensorcelled Hibernation  Hex/Ice        0%         N/A       100%        2
 Static Discharge         Conj/Air       0%         N/A       100%        2
 Confusing Touch          Hex            0%         N/A       100%        3
 Dazzling Flash           Conj/Hex       0%         N/A       100%        3
 Swiftness                Air            0%         N/A       100%        3
 Tukima's Dance           Hex            0%         N/A       100%        3
 Airstrike                Air            0%         N/A       100%        4
 Lightning Bolt           Conj/Air       0%         1d11      100%        5


Dungeon Overview and Level Annotations

Branches:
Dungeon (11/15)            Temple (1/1) D:6
   Lair: D:8-11         Orc: D:9-12

Altars:
Ashenzari
Cheibriados
Dithmenos
Elyvilon
Fedhas
Gozag
Hepliaklqana
Kikubaaqudgha
Makhleb
Nemelex Xobeh
Okawaru
Qazlal
Ru
Sif Muna
Trog
Uskayaw
Vehumet
Wu Jian
Xom
Yredelemnul
Zin
The Shining One

Shops:
D:6 ?   D:10 !   D:11 =

Annotations:
D:7 3 runed translucent doors, Sapher's ghost, amateur DDDe


Message History

You barely miss the kobold.
You hit the kobold brigand but do no damage.
You block the kobold's attack.
The kobold brigand hits you with a +4 dagger.
The troll barely misses you. The troll claws you! You block the troll's attack.
You closely miss the troll.
The troll is severely wounded.
You closely miss the kobold. You barely miss the kobold brigand.
You block the kobold's attack.
The kobold brigand hits you with a +4 dagger.
The troll closely misses you. The troll claws you! The troll claws you.
You are too injured to fight recklessly!
You are too injured to fight recklessly!
You closely miss the kobold.
The kobold is heavily wounded.
The kobold hits you with a +0 dagger.
You slash the kobold! You freeze the kobold.
You kill the kobold!
Qazlal accepts your kill.
The kobold brigand hits you with a +4 dagger.
You hit the kobold brigand. You freeze the kobold brigand.
The kobold brigand is lightly wounded.
You block the kobold brigand's attack.
You slice the kobold brigand!! You freeze the kobold brigand.
You kill the kobold brigand!
Qazlal accepts your kill.
Okay, then.
You hit the troll. You freeze the troll.
The troll is almost dead.
The troll bites you. The troll claws you! You block the troll's attack.
You hit the troll. You freeze the troll.
The troll is almost dead.
The troll bites you!
* * * LOW HITPOINT WARNING * * *
The troll claws you.
* * * LOW HITPOINT WARNING * * *
The troll claws you!
* * * LOW HITPOINT WARNING * * *
The troll bites you!
You die...

#.......... #..#.#.#.#.
#..........
####..#.#.#.#.
#............. #######
#..........##. ..<....
#..........##.
......K#####..........###
......KT@.............#
......)#####..........###
.!..... #..........##.
....... #.....[รทรท..##.
....... #......>...#..
....... #####........#
....... #..#.#.#..
....### #.........
#..#.#.#.#


You could see a troll and 2 kobolds.

Vanquished Creatures
  Maggie (D:10)
  A vampire (D:6)
  4 yaks (D:10)
  A sky beast (D:7)
  3 black bears
  2 ogres
  A necrophage (D:5)
  2 phantoms
  2 kobold brigands
  A gnoll sergeant (D:6)
  A scorpion (D:6)
  2 wyvern skeletons
  A howler monkey (D:4)
  3 wights
  2 bullfrog zombies (D:6)
  A centaur zombie (D:5)
  A jelly (D:6)
  2 hounds
  3 orc priests
  A bullfrog skeleton (D:7)
  A gnoll shaman (D:5)
  Jessica (D:2)
  3 iguanas
  3 orc wizards
  Terence (D:2)
  9 gnolls
  6 adders
  2 white imps
  A dart slug (D:1)
  29 orcs
  5 endoplasms
  3 giant cockroaches
  4 goblins
  4 hobgoblins
  9 jackals
  8 kobolds
  3 quokkas
  2 ball pythons
  6 bats
  4 frilled lizards
  7 rats
146 creatures vanquished.

Notes
Turn   | Place    | Note
-------+----------+-------------------------------------------
     0 | D:1      | kae the Hill Orc Fighter began the quest for the Orb.
     0 | D:1      | Reached XP level 1. HP: 19/19 MP: 1/1
   172 | D:1      | Reached skill level 3 in Axes
   257 | D:1      | Found a faded altar of an unknown god.
   386 | D:1      | Reached XP level 2. HP: 27/27 MP: 2/2
  1007 | D:2      | Reached skill level 4 in Axes
  1044 | D:2      | Reached XP level 3. HP: 33/33 MP: 3/3
  1046 | D:2      | Noticed Terence
  1046 | D:2      | Noticed Jessica
  1060 | D:2      | Killed Terence
  1064 | D:2      | Killed Jessica
  1065 | D:2      | Reached skill level 5 in Axes
  1065 | D:2      | Reached XP level 4. HP: 28/41 MP: 4/4
  2037 | D:3      | Reached XP level 5. HP: 44/47 MP: 5/5
  2290 | D:3      | Identified a scroll of acquirement
  2290 | D:3      | Acquired 1040 gold pieces
  2313 | D:4      | Noticed a black bear
  2317 | D:4      | Killed a black bear
  2318 | D:4      | Reached skill level 5 in Fighting
  2318 | D:4      | Reached skill level 6 in Axes
  2324 | D:4      | Reached XP level 6. HP: 37/56 MP: 6/6
  2512 | D:4      | Reached skill level 7 in Axes
  2948 | D:3      | Reached skill level 8 in Axes
  2948 | D:3      | Reached XP level 7. HP: 32/59 MP: 7/7
  3703 | D:4      | Found a shadowy altar of Dithmenos.
  4528 | D:5      | Entered Level 5 of the Dungeon
  4539 | D:5      | Reached skill level 9 in Axes
  4708 | D:5      | Identified the +8 dagger of Victory {vorpal, rElec rC+++
                  | Int-3 SInv}
  5260 | D:5      | Reached XP level 8. HP: 68/73 MP: 8/8
  5578 | D:5      | Reached skill level 10 in Axes
  6370 | D:6      | Found a staircase to the Ecumenical Temple.
  6478 | Temple   | Entered the Ecumenical Temple
  6600 | Temple   | Became a worshipper of Qazlal Stormbringer
  6765 | D:6      | Found Ishruabre's Magic Scroll Emporium.
  6812 | D:6      | Reached skill level 11 in Axes
  6812 | D:6      | Reached skill level 1 in Invocations
  7274 | D:6      | Noticed a vampire
  7284 | D:6      | Killed a vampire
  7289 | D:6      | Reached XP level 9. HP: 46/81 MP: 9/11
  7796 | D:7      | Acquired 554 gold pieces
  7798 | D:7      | Acquired 382 gold pieces
  7800 | D:7      | Acquired the ring "Fugum" {rPois rN+ Str+6 Dex-4}
  8033 | D:7      | Found a runed translucent gate.
  8036 | D:7      | Found a runed translucent gate.
  8036 | D:7      | Found a runed translucent gate.
  8036 | D:7      | Noticed Sapher's ghost (amateur DDDe)
  8090 | D:7      | Reached skill level 12 in Axes
  8893 | D:8      | You fall into a shaft and drop 3 floors!
  8907 | D:11     | Found Iqayl's Jewellery Emporium.
  9018 | D:10     | Entered Level 10 of the Dungeon
  9018 | D:10     | Noticed Maggie
  9028 | D:10     | Killed Maggie
  9031 | D:10     | Reached skill level 5 in Invocations
  9033 | D:10     | Reached skill level 13 in Axes
  9318 | D:10     | Found Purphooq's Distillery.
  9396 | D:10     | Bought a potion of heal wounds for 65 gold pieces
  9396 | D:10     | Bought a potion of degeneration for 13 gold pieces
  9396 | D:10     | Bought a potion of attraction for 39 gold pieces
  9475 | D:10     | Noticed a troll
  9491 | D:10     | Mangled by a troll

Illustrated notes

Levels and vault maps discovered:
D:1:      amcnicky_arrival_flooded_fountain, layout_basic,
          hellmonk_ecumenical_altar_blasted
D:2:      layout_basic, kennysheep_generic_room_9, uniq_jessica, uniq_terence
D:3:      layout_loops_ring
D:4:      layout_cave_pools, kennysheep_little_box, kennysheep_generic_room_16
D:5:      layout_basic
D:6:      minmay_evil_eye, layout_basic, minmay_temple_entry_statues_pillars,
          serial_shops, nicolae_take_the_stairs, minmay_strange_pillars
D:7:      layout_rooms, ebering_ghost_rock_garden, hangedman_decor_push,
          st_stairs_11
D:8:      minmay_tri_box, layout_basic
D:9:      minmay_recursive_quarters, layout_irregular_city, erik_orc_3,
          enter_bailey_2, minivault_16, uniq_joseph
D:10:     minmay_inner_zag, layout_rooms, serial_shops, shop, serial_glass,
          glass_columns_b, glass_columns_a, glass_columns_b, glass_columns_c,
          glass_columns_b, glass_columns_b, glass_columns_b, glass_columns_a,
          uniq_josephine, uniq_psyche, uniq_maggie
D:11:     layout_basic, due_lair_maze_entry_diamond, serial_shops, shop_statue
Temple:   kilobyte_greek_temple

Skill      XL: |  1  2  3  4  5  6  7  8  9 |
---------------+----------------------------+-----
Axes           | 3 4 5 6 8 9 11 13 | 13.1
Fighting       | 4 5 6 7 8 9 |  9.4
Invocations    | 3 5 |  5.7
Armour         | |  3.2
Shields        | |  3.2

Action                   |  1- 3 |  4- 6 |  7- 9 || total
-------------------------+-------+-------+-------++-------
Melee: War axe           |    63 |   106 |   283 ||   452
  Use: Scroll            |     4 |     2 |    13 ||    19
       Potion            |     1 |       |     2 ||     3
Armor: Scale mail        |    18 |    42 |    96 ||   156
Dodge: Dodged            |    18 |    44 |    79 ||   141
Block: Kite shield       |    39 |    49 |   144 ||   232

Table legend: (Time is in decaauts)
 A = Elapsed time spent in this place.
 B = Non-inter-level travel time spent in this place.
 C = Inter-level travel time spent in this place.
 D = Time resting spent in this place.
 E = Time spent auto-exploring this place.
 F = Levels seen in this place.
 G = Mean time per level.
                   A        B        C        D        E       F      G
               +--------+--------+--------+--------+--------+-----+--------+
         Total |   9619 |   9342 |    277 |   1508 |   6674 |  12 |  801.6 |
       Dungeon |   9464 |   9219 |    245 |   1508 |   6561 |  11 |  860.4 |
        Temple |    154 |    123 |     31 |      0 |    113 |   1 |  154.0 |
               +--------+--------+--------+--------+--------+-----+--------+

Top non-repeatable levels by time:
     D:5: 1671 daAuts
     D:6: 1481 daAuts
     D:3: 1331 daAuts
     D:4: 1278 daAuts
     D:7: 1091 daAuts
     D:1: 1023 daAuts
     D:2: 976 daAuts
    D:10: 459 daAuts
  Temple: 154 daAuts
    D:11: 124 daAuts
     D:9: 15 daAuts
     D:8: 11 daAuts
